 Dungeon Crawl Stone Soup version 0.18.1-48-g4cf74bf (webtiles) character file.

1219 Inkary the Martial Artist (level 8, -3/71 HPs)
             Began as a Hill Orc Monk on Sept 10, 2016.
             Killed by divine providence
             ... invoked by an orc priest
              (8 damage)
             ... on level 6 of the Dungeon.
             The game lasted 00:10:43 (5759 turns).

Inkary the Martial Artist (Hill Orc Monk)           Turns: 5759, Time: 00:10:44

Health: -3/71      AC: 11    Str: 18    XL:     8   Next: 47%
Magic:  2/2        EV:  8    Int: 10    God:
Gold:   274        SH:  0    Dex: 19    Spells: 0 memorised, 7 levels left

rFire  + . .     SeeInvis .     s - +7 long sword of Liote {antimagic, Str+4 Dex+4}
rCold  . . .     Gourm    .     z - +1 chain mail of the Loofah {rF+} (curse)
rNeg   . . .     Faith    .     (no shield)
rPois  .         Spirit   .     (no helmet)
rElec  .         Dismiss  .     E - +0 cloak
rCorr  .         Reflect  .     (no gloves)
SustAt .         Harm     .     d - +0 pair of boots
MR     .....                    (no amulet)
Stlth  ..........               (no ring)
                                (no ring)

@: not resistant to hostile enchantments, extremely unstealthy
A: no striking features
a: Convert to Beogh


You were on level 6 of the Dungeon.
You were not hungry.

You visited 1 branch of the dungeon, and saw 6 of its levels.

You collected 274 gold pieces.

Inventory:

Hand Weapons
 s - the +7 long sword of Liote (weapon) {antimagic, Str+4 Dex+4}
   (You found it on level 4 of the Dungeon)

   It disrupts the flow of magical energy around spellcasters and certain
   magical creatures (including the wielder).
   It affects your strength (+4).
   It affects your dexterity (+4).
Missiles
 t - 3 throwing nets (quivered)
Armour
 d - a +0 pair of boots (worn)
 z - the cursed +1 chain mail of the Loofah (worn) {rF+}
   (You found it on level 4 of the Dungeon)

   It protects you from fire.
   It has a curse placed upon it.
 E - a +0 cloak (worn)
Jewellery
 v - an uncursed amulet of the gourmand {unknown}
 x - a +4 ring of strength {unknown}
Scrolls
 c - 4 scrolls of noise {unknown}
 e - a scroll of remove curse {unknown}
 g - 4 scrolls of immolation {unknown}
 j - 5 scrolls of identify {unknown}
 l - a scroll of recharging {unknown}
 m - 2 scrolls of fear {unknown}
 o - 2 scrolls of fog {unknown}
 p - 2 scrolls of amnesia {unknown}
 u - a scroll of random uselessness {unknown}
 y - a scroll of blinking {unknown}
 A - a scroll of teleportation {unknown}
 B - a scroll of magic mapping {unknown}
Potions
 a - a potion of curing {unknown}
 f - a potion of berserk rage
 h - 3 potions of heal wounds
 i - a potion of beneficial mutation {unknown}
 n - 2 potions of flight {unknown}
 q - 2 potions of degeneration {unknown}
 r - a potion of lignification {unknown}
 w - 2 potions of cancellation {unknown}
Comestibles
 b - 6 bread rations
 k - 4 meat rations
 C - a beef jerky


   Skills:
 - Level 6.7 Fighting
 + Level 6.4 Long Blades
 - Level 2.4 Dodging
 - Level 1.5 Stealth
 - Level 8.2 Unarmed Combat


You had 7 spell levels left.
You didn't know any spells.

Dungeon Overview and Level Annotations

Branches:
Dungeon (6/15)
 Temple: D:4-7

Altars:
Zin

Shops:
D:5 [


Message History

The orc warrior is lightly wounded.
The orc warrior hits you with a short sword.
You hit the orc warrior but do no damage.
The orc warrior is lightly wounded.
The orc warrior hits you with a short sword!
* * * LOW HITPOINT WARNING * * *
You barely miss the orc warrior.
The orc warrior is lightly wounded.
The orc warrior hits you with a short sword.
* * * LOW HITPOINT WARNING * * *
The orc priest mumbles some strange prayers to Beogh against you.
Beogh smites you!
* * * LOW HITPOINT WARNING * * *
There is an open door here.
The orc throws a tomahawk.
The tomahawk hits you but does no damage.
You see here a tomahawk.
The orc priest calls down the wrath of Beogh upon you.
Beogh smites you!
You die...

#.......o.'.......
##....##..#.......
##....##..#####...
#....o.#...# .
#....o.#...#
#....o.#...#
#####'##...#
#....o.#...#
##....@.#..## #######
.........#########.#....
.........'.........#....
.........#.........#....
.........###'#######)...
................<......#
...######..............#
...#....#..............#
#.<..#..............#


You could see an orc warrior, 2 orc priests and an orc.

Vanquished Creatures
  Sigmund (D:3)
  Eustachio (D:5)
  An ogre (D:6)
  Blork the orc (D:4)
  2 howler monkeys
  2 orc priests
  A hound (D:4)
  An iguana (D:5)
  A jelly (D:6)
  A giant frog skeleton (D:5)
  3 orc wizards (D:5)
  4 worker ants
  A hound skeleton (D:6)
  6 gnolls
  15 adders
  A howler monkey skeleton (D:5)
  An adder zombie (D:5)
  2 worms
  A dart slug (D:3)
  3 giant geckos
  18 orcs
  5 bats
  7 giant cockroaches
  8 goblins
  8 hobgoblins
  11 jackals
  3 quokkas
  3 ball pythons
  3 giant newts
  A jackal zombie (D:5)
  11 kobolds
127 creatures vanquished.

Notes
Turn   | Place    | Note
--------------------------------------------------------------
     0 | D:1      | Inkary the Hill Orc Monk began the quest for the Orb.
     0 | D:1      | Reached XP level 1. HP: 19/19 MP: 1/1
   171 | D:1      | Reached XP level 2. HP: 17/27 MP: 2/2
   522 | D:1      | Reached XP level 3. HP: 18/33 MP: 3/3
   530 | D:1      | Reached skill level 5 in Unarmed Combat
  1081 | D:2      | Reached XP level 4. HP: 41/41 MP: 4/4
  1279 | D:2      | Reached skill level 5 in Fighting
  1584 | D:2      | Found a glowing silver altar of Zin.
  1887 | D:3      | Noticed Sigmund
  1893 | D:2      | Reached XP level 5. HP: 47/48 MP: 5/5
  2306 | D:3      | Killed Sigmund
  2306 | D:3      | Reached skill level 6 in Unarmed Combat
  2306 | D:3      | Reached XP level 6. HP: 58/58 MP: 6/6
  3485 | D:3      | Reached skill level 7 in Unarmed Combat
  3766 | D:3      | Reached XP level 7. HP: 62/64 MP: 7/7
  4184 | D:4      | Noticed Blork the orc
  4196 | D:4      | Killed Blork the orc
  4196 | D:4      | Reached skill level 8 in Unarmed Combat
  4463 | D:4      | Got a distressingly furry chain mail
  4474 | D:4      | Identified the cursed +1 chain mail of the Loofah {rF+} (You found it on level 4 of the Dungeon)
  4551 | D:4      | Got an ebony long sword
  4552 | D:4      | Identified the +7 long sword of Liote {antimagic, Str+4 Dex+4} (You found it on level 4 of the Dungeon)
  4649 | D:4      | Reached skill level 1 in Long Blades
  4804 | D:5      | Entered Level 5 of the Dungeon
  5050 | D:5      | Found Fitiupe's Antique Armour Boutique.
  5058 | D:5      | Reached XP level 8. HP: 62/71 MP: 2/8
  5366 | D:5      | Noticed Eustachio
  5397 | D:5      | Killed Eustachio
  5397 | D:5      | Reached skill level 5 in Long Blades
  5752 | D:6      | HP: 3/71 [orc priest/divine providence (8)]
  5759 | D:6      | Killed from afar by an orc priest

Skill      XL: |  1  2  3  4  5  6  7  8 |
---------------+-------------------------+-----
Fighting       | 4 5 6 |  6.7
Unarmed Combat | 5 6 7 8 |  8.2
Long Blades    | 4 6 |  6.4
Dodging        | |  2.4
Stealth        | |  1.5

Action                   |  1- 3 |  4- 6 |  7- 9 || total
-------------------------+-------+-------+-------++-------
Melee: Unarmed           |   126 |   273 |    47 ||   446
       Punch             |     2 |     7 |     3 ||    12
       Long sword        |       |       |   104 ||   104
  Use: Potion            |       |     3 |       ||     3
 Stab: Sleeping          |     1 |       |       ||     1
  Eat: Chunk             |     1 |     8 |     6 ||    15
       Pizza             |       |     1 |       ||     1
Armor: Robe              |    28 |       |       ||    28
       Chain mail        |    16 |    44 |    79 ||   139
       Ring mail         |       |    79 |    22 ||   101
Dodge: Dodged            |    70 |   160 |    66 ||   296
